[Event "83rd Georgian Championship 2024"]
[Site "Tbilisi"]
[Date "2024.02.05"]
[Round "7.4"]
[White "Gagunashvili, Merab"]
[Black "Paichadze, Luka"]
[Result "1/2-1/2"]
[ECO "E08"]
[WhiteElo "2562"]
[BlackElo "2503"]
[Annotator "TA"]
[PlyCount "108"]
[EventDate "2024.01.29"]
[EventType "tourn"]
[EventCountry "GEO"]
[SourceTitle "playchess.com"]
[Source "ChessBase"]
[SourceQuality "1"]
[TimeControl "5400+30"]

1. d4 Nf6 2. c4 e6 3. Nf3 Bb4+ 4. Bd2 a5 5. g3 O-O 6. Bg2 d5 7. Qc2 Be7 8. O-O c6 9. Bf4 Nbd7 10. Rd1 {[%emt 0:05:45] E08: Closed Catalan: Main Line: 7 Qc2.} a4 11. Ne5 Qa5 12. a3 $146 ({Predecessor:} 12. Nxd7 Bxd7 13. c5 b6 14. Bc7 Bd8 15. Bd6 Re8 16. Nd2 bxc5 17. Bxc5 e5 18. e4 {½-½ Can,E (2570)-So,W (2769) FIDE World Cup 2023 (2.2)}) 12... Nxe5 13. Bxe5 Bd7 14. Nd2 Ng4 15. Nf3 Nxe5 16. Nxe5 Rfd8 17. e4 dxc4 18. Nxc4 Qa6 19. Rac1 Rac8 20. e5 Be8 21. Ne3 Ra8 22. Be4 h6 23. h4 Rd7 24. Rd3 Rad8 25. Rcd1 Qa7 26. Qc3 f6 27. exf6 Bxf6 28. Nc2 Qb6 29. R1d2 Bf7 30. Kg2 Kh8 31. Kg1 Qb5 32. Ne1 Bh5 33. f4 (33. Kg2 $15) 33... c5 $1 $17 34. Nc2 cxd4 35. Qb4 Qxb4 36. Nxb4 Bg4 ({Black should try} 36... e5 {Threatens to win with ...exf4.} 37. fxe5 Bxe5) 37. Rf2 Kg8 38. Kg2 Kf7 39. Rdd2 Ke7 40. Nd3 Rc8 41. Ne5 ({White should play} 41. Rf1 $15) 41... Bxe5 $17 42. fxe5 Rc5 43. Bg6 {[%emt 0:00:26] [#]} Bf5 $1 (43... Rxe5 $2 {too greedy.} 44. Rf7+ Kd8 45. Rxd7+ Kxd7 46. Rxd4+ Kc6 47. Rxg4 $18) 44. Bxf5 exf5 45. Rxf5 Ke6 46. Rf4 Kxe5 (46... Rxe5 47. Rdxd4 b5 48. Rxd7 Kxd7 49. Kf3 $19) 47. Re2+ (47. Kf3 $17) 47... Kd5 $19 48. Rxd4+ $2 (48. Rf5+ {is a better defense.} Kc6 49. Rf4) 48... Kxd4 $19 49. Rd2+ {[%emt 0:00:01] [#]} Ke5 $2 (49... Kc4 $1 $19 50. Rxd7 b5 51. Rxg7 Kb3) 50. Rxd7 $11 Rc2+ 51. Kh3 Rxb2 52. Rxg7 Rb3 53. Rh7 Rxa3 54. Rxb7 Kf6 1/2-1/2

[Event "83rd Georgian Championship 2024"]
[Site "Tbilisi"]
[Date "2024.02.05"]
[Round "7.5"]
[White "kiladze, Luka"]
[Black "Jobava, Baadur"]
[Result "0-1"]
[ECO "D02"]
[WhiteElo "2179"]
[BlackElo "2591"]
[Annotator "TA"]
[PlyCount "100"]
[EventDate "2024.01.29"]
[EventType "tourn"]
[EventCountry "GEO"]
[SourceTitle "playchess.com"]
[Source "ChessBase"]
[SourceQuality "1"]
[TimeControl "5400+30"]

1. d4 d5 2. Nf3 Nf6 3. Bf4 Bf5 4. e3 e6 5. Bd3 Nbd7 6. O-O c6 7. Ne5 Be7 8. Nd2 {[%emt 0:02:46] The position is equal.} O-O 9. Qe2 a5 10. Rfd1 a4 11. a3 Re8 12. e4 dxe4 13. Nxe4 Nxe4 14. Bxe4 Bxe4 15. Qxe4 Nf6 16. Qf3 Qd5 17. Qe2 Qe4 18. Be3 Nd5 19. c4 Nxe3 20. Qxe3 Qf5 21. Rd3 Red8 22. Rad1 h5 23. h3 Bg5 24. g4 hxg4 (24... Bxe3 {simplifies} 25. gxf5 Bf4 26. fxe6 fxe6 27. Ng6 Bg5) 25. hxg4 Qf6 26. Qe4 {[%emt 0:01:12] Rf3 would now be deadly.} Qf4 27. Qxf4 Bxf4 28. Nf3 Ra6 29. c5 {[%emt 0:06:06] Dodges Rb6} Ra5 30. b4 axb3 31. Rxb3 {[%emt 0:00:03][%cal Od1b1] [#]} e5 $1 32. Rxb7 (32. Kg2 Ra7) 32... Rxa3 33. Kg2 e4 34. Nh4 {[%emt 0:01:58] White is now going downhill.} (34. Ng1 $1 $11) 34... g6 $17 35. Kg1 Be5 $36 {[%emt 0:18:37][%mdl 2048] Black is in control.} 36. Rb4 Rd3 37. Re1 (37. Rxd3 exd3 38. dxe5 d2 $19) 37... Bxd4 38. Rxe4 Rd2 ({But not} 38... Bxc5 39. Rbc4 R8d5 40. Kf1 $17) 39. Nf3 Bxf2+ (39... Rxf2 $2 {perishes.} 40. Rbxd4 Rxd4 41. Nxd4 $18) 40. Kf1 Bxc5 41. Nxd2 Bxb4 $19 {[%emt 0:00:04][%mdl 4096] Endgame. KRB-KRN} ({Worse is} 41... Rxd2 42. Rbc4 Rd5 43. Re8+ Kg7 44. Rc8 $11) 42. Nc4 Kg7 43. Ke2 Bc3 44. Re7 Bf6 45. Rc7 Rd4 {[%emt 0:00:06][%csl LRc4,LRg4] Black has a decisive advantage.} 46. Rxc6 Rxg4 47. Ne3 Rd4 48. Kf3 Be5 49. Rc8 Bf4 50. Ng2 Bd2 {[%emt 0:00:11] Weighted Error Value: White=0.17 (very precise) /Black=0.08 (flawless) .  Mistake:       	White=1     	Black=1      Inaccurate:     	White=5     	Black=1      OK:         	White=11    	Black=21     Best:        	---       	Black=3} 0-1

[Event "83rd Georgian Championship 2024"]
[Site "Tbilisi"]
[Date "2024.02.06"]
[Round "8.1"]
[White "Kacharava, Nikolozi"]
[Black "Jobava, Baadur"]
[Result "1/2-1/2"]
[ECO "C43"]
[WhiteElo "2523"]
[BlackElo "2591"]
[Annotator "TA"]
[PlyCount "70"]
[EventDate "2024.01.29"]
[EventType "tourn"]
[EventCountry "GEO"]
[SourceTitle "playchess.com"]
[Source "ChessBase"]
[SourceQuality "1"]
[TimeControl "5400+30"]

1. e4 e5 2. Nf3 Nf6 3. d4 exd4 4. e5 Ne4 5. Qxd4 d5 6. exd6 Nxd6 7. Nc3 Nc6 8. Qf4 Nf5 9. Bb5 Bd6 10. Qe4+ Nfe7 11. Bg5 O-O (11... Bf5 $14 12. Qxf5 Nxf5 13. Bxd8 Rxd8) 12. O-O-O {[%emt 0:04:32] Strongly threatening Bxc6. White is much more active. The black rooks are passive.} Bf5 {[%emt 0:07:39] White is slightly better.} 13. Qxf5 Nxf5 14. Bxd8 Raxd8 15. Bxc6 bxc6 16. Ne4 Rfe8 17. Rhe1 Bf4+ 18. Kb1 Rxd1+ 19. Rxd1 h5 20. Re1 {[%emt 0:06:05][%cal Oe4f6] [#] aiming for Nf6+!} Kf8 21. g3 Be3 22. Neg5 (22. Rxe3 $2 {loses.} Nxe3 23. Nc5 Ng4 24. Nd7+ Kg8 $19) 22... Bxg5 23. Rxe8+ Kxe8 24. Nxg5 $11 {[%emt 0:00:07][%mdl 4096] Endgame. KN-KN} Ke7 25. Kc1 Nd6 26. Kd2 {[%emt 0:04:01] The position is equal.} Kf6 27. Nf3 c5 {[%emt 0:00:04] Prevents Nd4.} 28. Kd3 Kf5 29. h3 g5 30. Nd2 g4 31. h4 Ke5 32. b3 Kd5 33. Ke3 Ke5 34. Kd3 Kd5 35. Ke3 Ke5 {[%emt 0:50:56] Weighted Error Value: White=0.07 (flawless) /Black=0.04 (flawless) .  Mistake:       	---       	Black=1      Inaccurate:     	White=1     	---        OK:         	White=11    	Black=13     Best:        	White=1     	Black=3} 1/2-1/2

[Event "83rd Georgian Championship 2024"]
[Site "Tbilisi"]
[Date "2024.02.06"]
[Round "8.2"]
[White "Paichadze, Luka"]
[Black "kiladze, Luka"]
[Result "1-0"]
[ECO "B31"]
[WhiteElo "2503"]
[BlackElo "2179"]
[Annotator "TA"]
[PlyCount "73"]
[EventDate "2024.01.29"]
[EventType "tourn"]
[EventCountry "GEO"]
[SourceTitle "playchess.com"]
[Source "ChessBase"]
[SourceQuality "1"]
[TimeControl "5400+30"]

1. e4 c5 2. Nf3 Nc6 3. Bb5 g6 4. Bxc6 dxc6 5. d3 Bg7 6. h3 e5 7. Be3 Qe7 8. Nc3 Nf6 9. Qd2 h6 10. a3 Nd7 11. O-O a5 {[%emt 0:12:08] The position is equal.} 12. Nh2 Nf8 13. Na4 {[%emt 0:04:01][%cal Oa4b6] Hoping for Nb6!} Ne6 ({Black should try} 13... Nd7) 14. Nb6 $16 Rb8 15. Qxa5 O-O 16. Qa7 $36 {[%emt 0:07:17][%mdl 2048] White has strong initiative. White has more active pieces. The black rooks are passive.} Bd7 17. Nxd7 Qxd7 18. Bxc5 Rfc8 19. Qb6 Kh7 (19... Ra8 $16 20. Rfd1 Ra6) 20. a4 $18 f5 (20... Ra8 $142 21. a5 Ra6) 21. a5 f4 22. Rfd1 g5 23. c3 h5 24. d4 Rd8 25. d5 Nxc5 26. Qxc5 g4 27. hxg4 hxg4 28. b4 Rbc8 29. d6 f3 (29... Ra8 $142 30. Qb6 Kg6) 30. a6 (30. gxf3 gxf3 31. Rd3 Rf8 $18) 30... b5 31. Qb6 Qf7 (31... Rb8 $142 32. Qc7 g3 33. Nxf3 Kg6 34. Nh4+ (34. fxg3 Ra8 $18) 34... Kf7 35. fxg3 Ra8) 32. a7 Qh5 33. d7 Ra8 {[%emt 0:01:15] [#]} 34. Qxd8 $3 Rxd8 35. a8=Q (35. a8=B $2 {loses.} Kg6 36. Rd6+ (36. Bxc6 $2 {too greedy.} Rh8 $19) 36... Bf6 $19) 35... Rxa8 36. Rxa8 Bf6 37. d8=Q {[%emt 0:00:13] White took control after the opening.   Weighted Error Value: White=0.22 (precise) /Black=0.59.  Mistake:       	---       	Black=5      Inaccurate:     	---       	Black=3      OK:         	White=15    	Black=4      Best:        	White=2     	---} 1-0

[Event "83rd Georgian Championship 2024"]
[Site "Tbilisi"]
[Date "2024.02.06"]
[Round "8.4"]
[White "Tsomaia, Nikoloz"]
[Black "Pantsulaia, Levan"]
[Result "1-0"]
[ECO "B41"]
[WhiteElo "2231"]
[BlackElo "2561"]
[Annotator "TA"]
[PlyCount "79"]
[EventDate "2024.01.29"]
[EventType "tourn"]
[EventCountry "GEO"]
[SourceTitle "playchess.com"]
[Source "ChessBase"]
[SourceQuality "1"]
[TimeControl "5400+30"]

1. e4 c5 2. Nf3 e6 3. d4 cxd4 4. Nxd4 a6 5. c4 Nf6 6. Nc3 Qc7 7. a3 b6 (7... Nxe4 $11 {feels stronger.} 8. Nxe4 Qe5) 8. Be2 Bb7 9. f3 d6 10. Be3 {[%emt 0:00:10] White is slightly better.} Nbd7 11. Rc1 Be7 12. g4 g6 13. h4 e5 14. Nc2 a5 (14... Qd8 $16 {might work better.}) 15. Nb5 $18 Qc6 16. Bf2 {[%emt 0:04:06] White is more active.} (16. Bh6 $142) 16... Nc5 $16 17. Ne3 a4 18. h5 ({Better is} 18. g5 Nh5 19. Nd5) 18... Qd7 19. Bh4 Rd8 20. Bf1 (20. Kf1 $16) 20... Bc6 21. Bh3 ({White should play} 21. Nc3 $16) 21... Nfxe4 $2 {[%emt 0:03:41][%mdl 8192] [#] Black is on the road to losing.} 22. g5 $1 $18 Qb7 23. fxe4 {[%emt 0:02:02] Nd5 would now be deadly.} Bxb5 24. cxb5 Qxe4 {[%emt 0:00:11] [#]} 25. Ke2 $1 Nb3 (25... Qxh4 $2 26. Bd7+ Rxd7 27. Rxh4 $18) 26. Bg2 Nd4+ 27. Kd2 Qf4 28. Qg4 {[%emt 0:00:56] Strongly threatening Qxf4.} (28. Qxa4 $2 {perishes.} Nf3+ (28... gxh5 $2 {is the wrong capture.} 29. b3 $18) 29. Bxf3 Qxa4 $17) 28... Nb3+ {[%emt 0:00:34] [#]} 29. Ke2 $1 {[%emt 0:01:02] aiming for Bc6+.} Qxg4+ 30. Nxg4 Nxc1+ 31. Rxc1 gxh5 (31... d5 $142 32. Nxe5 O-O) 32. Nh6 d5 33. Bf3 Bc5 34. Bxh5 {[%emt 0:00:09] White is clearly winning.} Rf8 35. Nxf7 Ra8 36. Nxe5+ Kd8 37. g6+ Kc7 38. Bg3 h6 39. g7 {[%emt 0:04:38] White wants to mate with Ng6+.} Rf5 40. Bg4 {[%emt 0:01:20] Weighted Error Value: White=0.13 (very precise) /Black=0.39.  Loses game:     	---       	Black=1      Mistake:       	White=4     	Black=2      Inaccurate:     	White=1     	Black=5      OK:         	White=13    	Black=13     Best:        	White=2     	---        Strong:       	White=1     	---        Brilliant:      	White=1     	---} 1-0

[Event "83rd Georgian Championship 2024"]
[Site "Tbilisi"]
[Date "2024.02.07"]
[Round "9.1"]
[White "Quparadze, Giga"]
[Black "Kacharava, Nikolozi"]
[Result "0-1"]
[ECO "C76"]
[WhiteElo "2491"]
[BlackElo "2523"]
[Annotator "TA"]
[PlyCount "110"]
[EventDate "2024.01.29"]
[EventType "tourn"]
[EventCountry "GEO"]
[SourceTitle "playchess.com"]
[Source "ChessBase"]
[SourceQuality "1"]
[TimeControl "5400+30"]

1. e4 e5 2. Nf3 Nc6 3. Bb5 a6 4. Ba4 d6 5. O-O Bd7 6. c3 g6 7. d4 Bg7 8. h3 Nf6 9. Re1 O-O 10. Bc2 Nh5 {[%emt 0:03:24] White has an edge.} 11. Be3 Qe8 12. Nbd2 Kh8 13. Nf1 f5 14. exf5 gxf5 15. dxe5 dxe5 16. Bc5 (16. Ng3 $11 {is more appropriate.} Nxg3 17. fxg3) 16... Rf6 17. Ne3 (17. Nh4 $11) 17... Be6 (17... Nf4 $1 $15 18. Nd5 Nxd5 19. Qxd5 e4) 18. Ng5 $11 {[%emt 0:04:24] Threatens to win with Nxe6.} Rd8 19. Qe2 (19. Qb1 $1 $11 {was the only way to keep the balance.} e4 20. Nxe6 Qxe6 21. Rd1) 19... Nf4 20. Qf3 Bc8 21. Rad1 $2 {[%emt 0:00:35] [#] This move loses the game for White.} (21. g3 $1 $15 Nd3 22. Bxd3 Rxd3 23. Qe2) 21... h6 $1 $19 22. Rxd8 Qxd8 (22... Nxd8 23. Ne4 Rc6 (23... fxe4 24. Qxe4 Qg8 25. Ng4 $17) 24. h4) 23. Rd1 Qe8 24. Ne4 fxe4 25. Qxe4 {[%emt 0:00:06] [#]} Qg8 {[%emt 0:03:32] Dodges Qh7+} 26. Bb3 Be6 27. Ng4 Rg6 28. Rd7 h5 29. Ne3 Bxb3 (29... Nxh3+ $2 30. Kf1 Qe8 31. Rxc7 $19) 30. axb3 Qxb3 (30... Nxh3+ 31. Kf1 Nf4 32. g3 $17) 31. Rxc7 Qxb2 (31... Nxh3+ 32. Kf1 Nf4 33. g3 Qb5+ 34. c4 Qxc5 35. gxf4 $17) 32. Rc8+ $2 (32. Qf5 Qb3 (32... Qxc3 33. Bf8 $15) 33. Kh1) 32... Kh7 33. Qc4 Ne6 34. Qh4 Nf4 ({Stronger than} 34... Nxc5 35. Qxh5+ Bh6 36. Rc7+ Rg7 37. Qf5+ Kh8 38. Qf8+ Kh7 39. Qf5+ Kh8 40. Qf8+ Kh7 41. Qf5+ $11) 35. Rc7 Qa1+ 36. Kh2 Qa5 37. Rxb7 Qxc5 38. g3 Qf8 39. gxf4 Qxf4+ 40. Qxf4 exf4 41. Nf5 Ne5 42. Nh4 {[%emt 0:00:55] Prevents Nf3+.} Rg5 43. Rc7 Nd3 44. c4 a5 45. Ra7 (45. Nf3 $142 Rc5 46. Rd7) 45... Nxf2 46. Nf3 Rg3 47. Nd4 Ne4 {[%emt 0:01:14] ...f3 is the strong threat.} (47... Rxh3+ $2 48. Kg2 Rd3 49. Ne6 $19) 48. Nf5 Rg5 49. Nd4 Nd2 50. h4 Rg3 {[%emt 0:01:01] White must now prevent ...Rg4.} 51. Ne2 Rg4 {[%emt 0:00:52] ( -> ...Nf1+)} 52. Rf7 Kg6 {[%emt 0:00:30] Black mates.} 53. Rd7 Nf1+ 54. Kh3 f3 55. Rd6+ Kh7 {[%emt 0:00:21] Weighted Error Value: White=0.85/Black=0.42.  Loses game:     	White=1     	---        Mistake:       	White=4     	Black=1      Inaccurate:     	White=2     	Black=2      OK:         	White=5     	Black=12     Best:        	White=1     	Black=1      Strong:       	---       	Black=1} 0-1

[Event "83rd Georgian Championship 2024"]
[Site "Tbilisi"]
[Date "2024.02.07"]
[Round "9.3"]
[White "Gagunashvili, Merab"]
[Black "Tsomaia, Nikoloz"]
[Result "1-0"]
[ECO "E97"]
[WhiteElo "2562"]
[BlackElo "2231"]
[Annotator "TA"]
[PlyCount "61"]
[EventDate "2024.01.29"]
[EventType "tourn"]
[EventCountry "GEO"]
[SourceTitle "playchess.com"]
[Source "ChessBase"]
[SourceQuality "1"]
[TimeControl "5400+30"]

1. d4 Nf6 2. c4 g6 3. Nc3 Bg7 4. e4 d6 5. Nf3 O-O 6. Be2 e5 7. O-O Nc6 8. d5 Ne7 9. b4 Nh5 10. c5 f5 11. Ng5 Nf4 12. Bc4 $1 h6 13. Ne6 Bxe6 {[%emt 0:03:15] White has an edge.} 14. dxe6 fxe4 15. cxd6 (15. Nxe4 $2 d5 16. Qc2 (16. Bxf4 $2 Rxf4 17. Re1 dxc4 $19) 16... Nxe6 $19 (16... dxe4 17. Bxf4 exf4 18. Rad1 $11)) 15... cxd6 {[%emt 0:00:22] Strongly threatening ...Rc8.} 16. Nd5 Rc8 (16... Nxe6 $2 17. Qg4 Rf5 18. Nxe7+ (18. Qxe4 Kh7 $11) 18... Qxe7 19. Qxg6 $18) 17. Bxf4 exf4 18. Rc1 Rf5 $1 19. Qb3 (19. Nxe7+ $15 Qxe7 20. Bb3) 19... Kh7 $17 {[%emt 0:02:21] White must now prevent ...f3.} 20. Rcd1 (20. Nxe7 $17 Qxe7 21. Bd5 Rxc1 22. Rxc1) 20... Nc6 $2 (20... f3 $19 21. g3 b5 22. Bxb5 Nxd5 23. Rxd5 Rc3) 21. Qb1 Ne5 $2 (21... Nd4 $1 $17 22. Rxd4 Bxd4) 22. Bb5 (22. Bb3 $14) 22... Nf3+ $11 23. gxf3 (23. Kh1 $2 Qh4 24. h3 Ng5 $19) 23... Qh4 (23... Qg5+ $11 {remains equal.} 24. Kh1 Rxd5 25. Rxd5 Qxd5) 24. Qxe4 $16 (24. fxe4 $2 Qg4+ 25. Kh1 Qf3+ 26. Kg1 Rg5#) 24... Be5 $2 (24... Rcf8 25. Ne3 (25. e7 Qxh2+ 26. Kxh2 Rh5+ 27. Kg1 Rg5+ 28. Kh1 Rh5+ 29. Kg2 Rg5+ 30. Kh3 Rh5+ 31. Kg2 Rg5+ 32. Kh2 Rh5+ 33. Kg2 $11) 25... Qg5+ 26. Ng2 Rxb5) 25. Ne3 Rg5+ {[%emt 0:01:57] [#]} 26. Kh1 $1 Qh3 27. Ng4 (27. Qxb7+ Bg7 28. Ng4 (28. Qxc8 $2 Qxf3+) 28... Rc7 $18) 27... Rxg4 {[%emt 0:00:13] [#] White is clearly winning.} 28. Rg1 {[%emt 0:02:19] Prevents Qg2+. Active counter play!} (28. fxg4 f3 29. Qxb7+ Kg8 30. Qxc8+ Kh7 31. Qd7+ Kh8 32. Qe8+ (32. Qxa7 $2 Qxh2#) 32... Kg7 33. Qe7+ Kh8 34. Qe8+ (34. Qxa7 $2 Qxh2#) 34... Kh7 35. Qe7+ (35. Qd7+ Kh8 $11) 35... Kg8 36. Qf7+ (36. Qxa7 $2 Qxh2#) 36... Kh8 37. Qe8+ $11 (37. Qxa7 $2 Qxh2#)) (28. Qxb7+ Rc7 29. Qxc7+ Bg7 30. fxg4 Qf3+ 31. Kg1 Qxg4+ 32. Kh1 Qf3+ 33. Kg1 Qg4+ 34. Kh1 Qf3+ 35. Kg1 Qg4+ $11) 28... d5 (28... Rxg1+ $142 29. Rxg1 Qxe6 30. Qxb7+ Bg7) 29. Qxd5 $18 (29. Qxe5 $2 {is a self mate.} Qxf3+) 29... Rxg1+ 30. Kxg1 Bg7 31. e7 {[%emt 0:00:15] Weighted Error Value: White=0.22 (precise) /Black=0.59.  Missed win:     	---       	Black=1      Mistake:       	White=3     	Black=4      Inaccurate:     	White=2     	---        OK:         	White=4     	Black=6      Best:        	White=4     	---        Strong:       	White=2     	Black=1} 1-0

[Event "83rd Georgian Championship 2024"]
[Site "Tbilisi"]
[Date "2024.02.07"]
[Round "9.4"]
[White "kiladze, Luka"]
[Black "Mchedlishvili, Mikheil"]
[Result "1/2-1/2"]
[ECO "D00"]
[WhiteElo "2179"]
[BlackElo "2569"]
[Annotator "TA"]
[PlyCount "67"]
[EventDate "2024.01.29"]
[EventType "tourn"]
[EventCountry "GEO"]
[SourceTitle "playchess.com"]
[Source "ChessBase"]
[SourceQuality "1"]
[TimeControl "5400+30"]

1. d4 Nf6 2. Nc3 d5 3. Bf4 c5 4. e4 Nxe4 5. Nxe4 dxe4 6. dxc5 {[%emt 0:00:07] Black should prevent Qxd8+.} Qxd1+ 7. Rxd1 {[%emt 0:00:11] Bxb8 is the strong threat.} Nc6 {[%emt 0:01:17] Black is weak on the dark squares} 8. Bb5 f6 9. Ne2 e5 $1 10. Be3 Be6 {[%emt 0:01:07][%cal Oe8f7,Bc8e6,Be6g8,Bg8c4][%mdl 32] Repels Bc4} 11. Nc3 f5 12. Nd5 (12. g3 $11) 12... O-O-O $17 13. Bc4 {[%emt 0:11:37][%cal Od5b6] And now Nb6+! would win.} Bg8 14. g3 Nb4 15. Nxb4 Rxd1+ (15... Bxc4 16. Rxd8+ Kxd8 17. b3 $15) 16. Kxd1 Bxc4 17. b3 Be6 {[%emt 0:01:59] Hoping for ...a5.} 18. c4 {[%emt 0:02:36] [#]} g5 $1 19. Bxg5 Bxc5 20. Nd5 Bxd5 (20... Bxf2 21. Rf1 Bc5 22. Ne7+ Bxe7 23. Bxe7 $16) 21. cxd5 {[%emt 0:00:14][%mdl 4096] Endgame. KRB-KRB} Kd7 ({Much worse is} 21... Bxf2 $6 22. Rf1 e3 (22... Rg8 23. Bf6 $11) 23. Ke2 $11) 22. Ke2 Bd4 (22... Kd6 $142 23. b4 Bxb4) 23. Rc1 Kd6 24. a4 ({White should try} 24. Be3 $15) 24... h5 ({Don't play} 24... Kxd5 25. Rc7) 25. Be3 {[%emt 0:01:16] [#]} (25. h4 $15) 25... h4 $1 (25... Kxd5 26. Rc7 $11) 26. Rc4 hxg3 27. hxg3 Kxd5 28. Rc7 Rb8 29. Rf7 Ke6 30. Rh7 a5 31. Rh6+ Kf7 (31... Ke7 $15) 32. Rh7+ Ke6 33. Rh6+ Kf7 34. Rh7+ {[%emt 0:00:16] Weighted Error Value: White=0.14 (very precise) /Black=0.13 (very precise) .  Mistake:       	White=3     	Black=2      Inaccurate:     	White=3     	Black=2      OK:         	White=10    	Black=15     Best:        	White=5     	Black=2      Strong:       	---       	Black=2} 1/2-1/2

[Event "83rd Georgian Championship 2024"]
[Site "Tbilisi"]
[Date "2024.02.07"]
[Round "9.5"]
[White "Jobava, Baadur"]
[Black "Paichadze, Luka"]
[Result "1-0"]
[ECO "A35"]
[WhiteElo "2591"]
[BlackElo "2503"]
[Annotator "TA"]
[PlyCount "45"]
[EventDate "2024.01.29"]
[EventType "tourn"]
[EventCountry "GEO"]
[SourceTitle "playchess.com"]
[Source "ChessBase"]
[SourceQuality "1"]
[TimeControl "5400+30"]

1. e4 c6 2. d4 d5 3. exd5 cxd5 4. c4 Nf6 5. Nc3 g6 6. cxd5 Nxd5 7. Bc4 Nxc3 8. Qb3 e6 9. bxc3 Nc6 10. Nf3 Na5 11. Bb5+ Bd7 12. Qa4 {[%emt 0:01:13] Bxd7+ is the strong threat.} Nc6 $1 {[%emt 0:00:21] [#] White is slightly better.} 13. d5 $1 exd5 14. O-O {[%emt 0:00:06][%cal Bh1f1,Bf1e1,Be1e7][%mdl 32] Hoping for Re1+.} Be7 15. Bh6 {[%emt 0:00:37] Strongly threatening Rfe1.} a6 $2 {[%emt 0:08:41] [#]} (15... Qa5 $1 $14) 16. Bxc6 $1 $18 Bxc6 17. Qd4 f6 18. Rfe1 Kf7 {[%emt 0:01:05] [#]} (18... Rf8 19. Bxf8 Kxf8) 19. Ng5+ $1 Kg8 (19... Ke8 20. Qxf6) 20. Qe3 Qd7 21. Qxe7 Qxe7 22. Rxe7 fxg5 23. Rae1 {[%emt 0:00:08] Black got outplayed after the opening.   Weighted Error Value: White=0.03 (flawless) /Black=0.73.  Loses game:     	---       	Black=1      Mistake:       	---       	Black=1      Inaccurate:     	---       	Black=1      OK:         	White=4     	Black=2      Best:        	White=2     	Black=2      Strong:       	White=1     	Black=1} 1-0